[Event "*** Titled Tuesday Blitz"]
[Site "Chess.com"]
[Date "2021.02.02"]
[Round "5"]
[White "Jumbo"]
[Black "TregubovP"]
[Result "1/2-1/2"]
[WhiteElo "2812"]
[BlackElo "2591"]
[TimeControl "180+1"]
[EndTime "10:58:19 PST"]
[Termination "Game drawn by repetition"]

1. e3 d5 2. Nf3 Nf6 3. c4 e6 4. b3 b6 5. Bb2 Be7 6. Nc3 Bb7 7. h4 c5 8. cxd5 exd5 9. d4 Nc6 10. Bb5 O-O 11. Rc1 cxd4 12. exd4 Ne4 13. Bxc6 Bxc6 14. Nxe4 dxe4 15. Rxc6 exf3 16. Qxf3 Bb4+ 17. Kf1 Rc8 18. g3 Rxc6 19. Qxc6 Re8 20. Qc4 Qe7 21. Qd3 h5 22. Kg2 Qe2 23. Qxe2 Rxe2 24. Rb1 Kf8 25. a4 Ke7 26.
Kf3 Rc2 27. Bc1 Ke6 28. Be3 Kd5 29. Kf4 Be7 30. Rc1 Rxc1 31. Bxc1 g6 32. Ke3 Bf6 33. Bb2 a6 34. Kd3 b5 35. axb5 axb5 36. Bc3 Bg7 37.
Bb2 Bf6 38. Ke3 Bg7 39. Kd3 Bf6 1/2-1/2

[Event "*** Titled Tuesday Blitz"]
[Site "Chess.com"]
[Date "2021.02.02"]
[Round "5"]
[White "Djager97"]
[Black "Reader777"]
[Result "0-1"]
[WhiteElo "2573"]
[BlackElo "2794"]
[TimeControl "180+1"]
[EndTime "10:58:19 PST"]
[Termination "Reader777 won by resignation"]

1. e4 c5 2. Nf3 d6 3. d4 cxd4 4. Nxd4 Nf6 5. Nc3 a6 6. h3 e6 7.
g4 Be7 8. g5 Nfd7 9. Be3 b5 10.
a3 Bb7 11. Qd2 Nc6 12. h4 Rc8 13. O-O-O Nxd4 14. Qxd4 O-O 15. Kb1 Ne5 16. Be2 Nc4 17.
Bc1 Qa5 18. Rh3 Qb6 19. Qxb6 Nxb6 20. h5 d5 21. e5 Nc4 22. Bd3 Nxe5 23. f4 Nxd3 24.
Rhxd3 Rc4 25. f5 Rfc8 26. fxe6 fxe6 27. Re1 d4 28. Rxe6 Kf7 29. Rb6 Ba8 30. g6+ hxg6 31. hxg6+ Ke8 32. Ne2 Rxc2 33. Bd2 Be4 0-1

[Event "*** Titled Tuesday Blitz"]
[Site "Chess.com"]
[Date "2021.02.02"]
[Round "5"]
[White "Goryachkina"]
[Black "rasmussvane"]
[Result "0-1"]
[WhiteElo "2662"]
[BlackElo "2874"]
[TimeControl "180+1"]
[EndTime "10:58:20 PST"]
[Termination "rasmussvane won on time"]

1. e4 c6 2. d4 d5 3. e5 Bf5 4. Nf3 e6 5. Be2 Ne7 6. O-O Ng6 7. Re1 Nd7 8. Nbd2 f6 9. Nb3 Be7 10. h3 O-O 11. exf6 Bxf6 12. c4 a5 13. a4 Qb6 14.
Bd2 Be4 15. Ng5 Bxg5 16. Bxg5 Nf4 17. Bxf4 Rxf4 18. f3 Bg6 19. c5 Qb4 20. Qd2 Qxd2 21. Nxd2 Rxd4 22. Nb3 Rb4 23. Bd1 e5 24. h4 Kf7 25. g4 h6 26. h5 Bd3 27. Kf2 Bc4 28.
Ra3 Bxb3 29. Rxb3 Nxc5 30. Rxb4 axb4 31. Bc2 b3 32. Bg6+ Kf6 33. f4 e4 0-1

[Event "*** Titled Tuesday Blitz"]
[Site "Chess.com"]
[Date "2021.02.02"]
[Round "5"]
[White "maximnovik"]
[Black "Vusatiuk_Vladimir"]
[Result "1-0"]
[WhiteElo "2558"]
[BlackElo "2396"]
[TimeControl "180+1"]
[EndTime "10:58:20 PST"]
[Termination "maximnovik won by resignation"]

1. Nf3 b6 2. g3 Bb7 3. Bg2 e6 4.
O-O Nf6 5. d3 d5 6. Nbd2 Be7 7.
e4 dxe4 8. dxe4 Nxe4 9. Ne5 Qd4 10. Nxe4 Qxe5 11. Bf4 Qd5 12. Nf6+ Bxf6 13. Bxd5 Bxd5 14.
c3 c5 15. Re1 O-O 16. Be5 Bxe5 17. Rxe5 Nc6 18. Rxd5 exd5 19. Qxd5 Rac8 20. Rd1 Rfd8 21. Qf3 Re8 22. Kg2 h6 23. h4 Re7 24. h5 Ne5 25. Qf5 Rce8 26. Rd6 Nc4 27. Rd7 Nxb2 28. Rxe7 Rxe7 29. Qc8+ Kh7 30. Qd8 Rb7 31. Qd2 Na4 32. Qc2+ Kg8 33. Qxa4 Kf8 34. Qc6 Re7 35. Qa8+ Re8 36. Qxa7 Re6 37. Qb8+ Ke7 38. Qc7+ Kf6 39. f4 g6 40. hxg6 fxg6 41. Kf3 h5 42. a4 g5 43.
Qd8+ Kf7 44. Qxg5 1-0

[Event "*** Titled Tuesday Blitz"]
[Site "Chess.com"]
[Date "2021.02.02"]
[Round "5"]
[White "DanilNajdin"]
[Black "carlocapau"]
[Result "1-0"]
[WhiteElo "2461"]
[BlackElo "2309"]
[TimeControl "180+1"]
[EndTime "10:58:20 PST"]
[Termination "DanilNajdin won by resignation"]

1. e4 c5 2. Nf3 d6 3. d4 cxd4 4. Qxd4 a6 5. c4 Nc6 6. Qd2 g6 7. Nc3 Bg7 8. b3 Nf6 9. Bb2 O-O 10. Be2 Rb8 11. a4 Nd7 12. O-O Nc5 13. Bd1 Bg4 14.
Ra3 Qa5 15. h3 Nxe4 16. Nxe4 Qxd2 17. Nfxd2 Bxb2 18. Ra2 Bxd1 19. Rxb2 Be2 20. Re1 Bd3 21. Nc3 e6 22. Re3 Nb4 23. Na2 Nxa2 24. Rxa2 Bf5 25. g4 b5 26. gxf5 gxf5 27. cxb5 axb5 28. a5 b4 29. a6 d5 30. Nf3 Rfc8 31. Nd4 Kg7 32. Re1 Kf6 33. a7 Ra8 34. Rea1 e5 35. Rc2 Rxc2 36.
Nxc2 d4 37. Nxb4 e4 38. Nd5+ 1-0

[Event "*** Titled Tuesday Blitz"]
[Site "Chess.com"]
[Date "2021.02.02"]
[Round "5"]
[White "Sychev_Klementy"]
[Black "tdf98pantani"]
[Result "1-0"]
[WhiteElo "2905"]
[BlackElo "2758"]
[TimeControl "180+1"]
[EndTime "10:58:21 PST"]
[Termination "Sychev_Klementy won by resignation"]

1. e4 c6 2. Nc3 d5 3. Qf3 e6 4. d4 Nf6 5. e5 Nfd7 6. Qg3 c5 7. dxc5 Nc6 8. Nf3 Qa5 9. Bd2 Qxc5 10. Nb5 Nb4 11. Bxb4 Qxb4+ 12. Nd2 Qxb2 13. Rb1 Qxe5+ 14. Qxe5 Nxe5 15. Nc7+ Kd8 16. Nxa8 Bc5 17. Bb5 b6 18.
f4 Ng4 19. Bc6 Ba6 20. c4 dxc4 21. Ne4 Ba3 22. Rd1+ Kc8 23. Rd7 Rd8 24. Rxa7 Bb4+ 25. Ke2 f5 26. Nxb6+ Kb8 27. Rxa6 fxe4 28. Ra8+ Kc7 29.
Rxd8 1-0

[Event "*** Titled Tuesday Blitz"]
[Site "Chess.com"]
[Date "2021.02.02"]
[Round "5"]
[White "tigra"]
[Black "KaterinaMiroshnik"]
[Result "1-0"]
[WhiteElo "2866"]
[BlackElo "2608"]
[TimeControl "180+1"]
[EndTime "10:58:21 PST"]
[Termination "tigra won by resignation"]

1. d4 d5 2. Nf3 Nf6 3. Bf4 e6 4. e3 Bd6 5. Nbd2 O-O 6. Bd3 b6 7. Ne5 Bb7 8. Qf3 c5 9. c3 Nc6 10. Qh3 Ne7 11. f3 cxd4 12. exd4 g6 13. Bh6 Re8 14.
Bg5 Nf5 15. g4 Ng7 16. Bb5 Rf8 17. Nd7 Be7 18. Qh4 Nge8 19. Nxf8 Kxf8 20. Bxe8 Kxe8 21.
O-O-O b5 22. Kb1 a5 23. Rhe1 b4 24. Rc1 Ba6 25. c4 dxc4 26. Nxc4 Bxc4 27. Rxc4 a4 28. Rec1 a3 29. b3 Rb8 30. Bxf6 Bxf6 31. Qxh7 Kf8 32. Qh6+ Kg8 33. Qf4 Bg7 34. Qxb8 1-0

[Event "*** Titled Tuesday Blitz"]
[Site "Chess.com"]
[Date "2021.02.02"]
[Round "5"]
[White "Legendinunknown"]
[Black "Fandorine"]
[Result "0-1"]
[WhiteElo "2587"]
[BlackElo "2825"]
[TimeControl "180+1"]
[EndTime "10:58:22 PST"]
[Termination "Fandorine won by checkmate"]

1. d4 Nf6 2. c4 g6 3. Nc3 Bg7 4. e4 d6 5. Nf3 O-O 6. Be2 e5 7. d5 Na6 8. Nd2 Bh6 9. Nb3 Bxc1 10. Qxc1 Kg7 11. h4 h5 12. f3 c6 13. Qe3 cxd5 14. cxd5 Bd7 15. O-O-O Rc8 16. Kb1 Nc5 17. Nxc5 Rxc5 18.
g4 hxg4 19. h5 Nxh5 20. Rxh5 gxh5 21. fxg4 hxg4 22. Rg1 Qh4 23. Bxg4 Bxg4 24. Qf3 Qe1+ 25. Qd1 Qxd1+ 26. Nxd1 f5 27. exf5 Rxf5 28. Rxg4+ Kf6 29. Ne3 Rg5 30. b4 Rc3 31. Re4 Rd3 32. Kc2 Rd4 33. Rxd4 exd4 34. Nc4 Rxd5 35. Kd3 Ke6 36. Na5 Rxa5 37.
bxa5 Kd5 38. a3 a6 39. a4 Kc5 40. Ke4 Kc4 41. Kf5 d3 42. Ke6 d2 43. Kd7 d1=Q 44.
Kc7 Qxa4 45. Kxb7 Qxa5 46. Kc6 d5 47. Kb7 d4 48. Ka8 d3 49. Ka7 d2 50. Ka8 d1=Q 51. Ka7 Qd7+ 52. Kb8 Qad8# 0-1

[Event "*** Titled Tuesday Blitz"]
[Site "Chess.com"]
[Date "2021.02.02"]
[Round "5"]
[White "Vugar_Manafov"]
[Black "Sofiia_Hryzlova"]
[Result "1-0"]
[WhiteElo "2663"]
[BlackElo "2257"]
[TimeControl "180+1"]
[EndTime "10:58:24 PST"]
[Termination "Vugar_Manafov won by resignation"]

1. Nf3 d5 2. g3 Nf6 3. Bg2 Bg4 4. O-O c6 5. d3 Nbd7 6. Nc3 e5 7. e4 Bd6 8. h3 Bh5 9. g4 Bg6 10.
Nh4 O-O 11. Nf5 Bc7 12. exd5 cxd5 13. Nxd5 Nxd5 14. Bxd5 Bxf5 15. gxf5 Nf6 16. Bxb7 Rb8 17. Be4 Qd4 18. Qf3 Rfc8 19. Rb1 Qa4 20. b3 Qxa2 21. Bb2 Bd6 22. Qe2 Rc7 23. Rfc1 Rbc8 24. Kg2 Qa5 25. c4 h6 26. Bc3 Qb6 27. b4 Qb8 28. c5 Bxc5 29.
bxc5 1-0

[Event "*** Titled Tuesday Blitz"]
[Site "Chess.com"]
[Date "2021.02.02"]
[Round "5"]
[White "druskacik"]
[Black "SanQui14"]
[Result "1-0"]
[WhiteElo "2600"]
[BlackElo "2432"]
[TimeControl "180+1"]
[EndTime "10:58:24 PST"]
[Termination "druskacik won by resignation"]

1. d4 Nf6 2. Bg5 Ne4 3. Bf4 c5 4. d5 d6 5. f3 Nf6 6. c4 g6 7. e4 Bg7 8. Nc3 O-O 9. Bd3 Na6 10.
a3 Nc7 11. a4 a6 12. Nge2 b6 13. Qd2 Bd7 14. Bh6 Rb8 15. O-O b5 16. axb5 axb5 17.
b3 bxc4 18. bxc4 Qc8 19. Bxg7 Kxg7 20. Ra7 Na6 21. Ra1 Nb4 22. Kf1 e5 23. dxe6 Bxe6 24.
Nf4 Rd8 25. Be2 Rd7 26. Nb5 Ne8 27. Nxe6+ fxe6 28. Nxd6 Nxd6 29. Qxd6 Rf7 30. Rxf7+ Kxf7 31. Ra7+ Rb7 32. Rxb7+ Qxb7 33. Qxc5 Nc2 34. Kf2 Qb1 35. Qa7+ Kg8 36. Qa5 Qc1 37. Qc3 Qb1 38. c5 e5 39. c6 Qb6+ 40. Kg3 h5 41. c7 Nd4 42. c8=Q+ Kh7 43. Q3c7+ 1-0

[Event "*** Titled Tuesday Blitz"]
[Site "Chess.com"]
[Date "2021.02.02"]
[Round "5"]
[White "annacramling"]
[Black "SharapovEvgeny"]
[Result "1/2-1/2"]
[WhiteElo "2114"]
[BlackElo "2463"]
[TimeControl "180+1"]
[EndTime "10:58:24 PST"]
[Termination "Game drawn by agreement"]

1. d4 d5 2. c4 c6 3. Nf3 Nf6 4. Nc3 g6 5. Bf4 Bg7 6. e3 O-O 7. h3 Bf5 8. Be2 Ne4 9. O-O Nxc3 10. bxc3 dxc4 11. Bxc4 Be4 12. Nd2 Bd5 13. Be2 Nd7 14. c4 Be6 15. Rb1 b5 16. cxb5 cxb5 17. Bf3 Bxa2 18. Rxb5 Rc8 19. Rb2 Bc4 20. Nxc4 Rxc4 21.
Qb3 Nb6 22. Ra1 e5 23. Bxe5 Bxe5 24. dxe5 Qe7 25. Qa2 Ra4 26. Qb1 Rxa1 27. Qxa1 Qxe5 28.
Ra2 Qxa1+ 29. Rxa1 Nc8 30. Bb7 Nd6 31. Rxa7 Nxb7 32.
Rxb7 h5 33. h4 Ra8 34. g3 Ra2 35. Kg2 Kg7 36. Kf3 Kf6 37. Rb6+ Kg7 38. e4 Rc2 1/2-1/2

[Event "*** Titled Tuesday Blitz"]
[Site "Chess.com"]
[Date "2021.02.02"]
[Round "5"]
[White "Gerodot71"]
[Black "BikingBrian"]
[Result "1-0"]
[WhiteElo "2471"]
[BlackElo "2316"]
[TimeControl "180+1"]
[EndTime "10:58:24 PST"]
[Termination "Gerodot71 won by checkmate"]

1. d4 Nf6 2. c4 g6 3. Nc3 Bg7 4. e4 d6 5. Be2 O-O 6. Be3 Na6 7. h4 e5 8. d5 Nc5 9. f3 a5 10. g4 Ne8 11. Qd2 f5 12. gxf5 gxf5 13. O-O-O f4 14.
Bf2 Nf6 15. Nh3 Kh8 16. Rdg1 Bxh3 17. Rxh3 Qd7 18. Bf1 Nh5 19. Rhh1 Bf6 20. Bh3 Qe7 21.
Bg4 Qf7 22. Ne2 Rg8 23. Kc2 b5 24. Bxc5 dxc5 25. Be6 Qe7 26. Rxg8+ Rxg8 27. Bxg8 Kxg8 28. Qxa5 bxc4 29. Qa6 Kf7 30. Qxc4 Qd6 31. Nc3 Ng3 32.
Rh2 Nf1 33. Re2 Ne3+ 34. Rxe3 fxe3 35. Nb5 Qd7 36. d6+ Kg7 37. dxc7 Qd2+ 38. Kb3 e2 39. c8=Q Qd1+ 40. Ka3 e1=Q 41. Q4g8+ Kh6 42. Qcf8+ Kh5 43.
Qxh7# 1-0

[Event "*** Titled Tuesday Blitz"]
[Site "Chess.com"]
[Date "2021.02.02"]
[Round "5"]
[White "Politov_Pavel"]
[Black "zeitnot2006"]
[Result "1-0"]
[WhiteElo "2418"]
[BlackElo "2544"]
[TimeControl "180+1"]
[EndTime "10:58:25 PST"]
[Termination "Politov_Pavel won by resignation"]

1. e4 c5 2. Nf3 e6 3. d4 cxd4 4. Nxd4 Nc6 5. Nb5 d6 6. c4 Nf6 7.
N1c3 a6 8. Na3 Be7 9. Be3 O-O 10. Be2 b6 11. Qb3 Nd7 12. O-O Bb7 13. Rfd1 Nc5 14. Qc2 Bf6 15. Rac1 Be5 16. Nab1 f5 17. exf5 Qh4 18. g3 Qh3 19. Bf1 Qxf5 20. Qxf5 Rxf5 21.
Bh3 Rf6 22. f4 Bxc3 23. Nxc3 Rd8 24. a3 Nb3 25. Bxb6 Nxc1 26. Bxd8 Nxd8 27. Rxc1 e5 28. fxe5 dxe5 29. Nd5 Rd6 30. Rd1 Kf7 31. Bg2 Ne6 32. b4 Nd4 33. Re1 Bxd5 34. Bxd5+ Kf6 35. Kg2 g5 36. Rf1+ Kg6 37. Bf7+ Kg7 38. c5 Rd7 39.
Bc4 Rc7 40. Bxa6 Nc2 41. Rc1 Nxa3 42. b5 e4 43. b6 Rc6 44. b7 1-0

[Event "*** Titled Tuesday Blitz"]
[Site "Chess.com"]
[Date "2021.02.02"]
[Round "5"]
[White "krasavetc"]
[Black "sokidze"]
[Result "0-1"]
[WhiteElo "2348"]
[BlackElo "2514"]
[TimeControl "180+1"]
[EndTime "10:58:29 PST"]
[Termination "sokidze won by resignation"]

1. e4 c5 2. Nf3 Nc6 3. Nc3 g6 4. d4 cxd4 5. Nxd4 Bg7 6. Be3 Nf6 7. Be2 O-O 8. O-O d5 9. Nxc6 bxc6 10. e5 Ne8 11. f4 f6 12. Bf3 Rb8 13. Na4 fxe5 14.
fxe5 Bxe5 15. Bxa7 Ra8 16. Bb6 Qd6 17. Nc3 Bxh2+ 18. Kh1 Nf6 19. Qd4 Be5 20. Qh4 Rb8 21.
Be3 Rxb2 22. Ne2 Rb4 23. Qh6 Bxa1 24. Rxa1 Bg4 25. Rf1 Bxf3 26. Rxf3 e5 27. Bg5 Ng4 28. Qh3 Rxf3 29. Qxf3 Qf8 30. Qg3 Rb1+ 31. Ng1 Qf2 32.
Qxf2 Nxf2+ 33. Kh2 Ng4+ 34. Kh1 e4 0-1

[Event "*** Titled Tuesday Blitz"]
[Site "Chess.com"]
[Date "2021.02.02"]
[Round "5"]
[White "adriangschnitzer"]
[Black "nrvisakh"]
[Result "0-1"]
[WhiteElo "2505"]
[BlackElo "2741"]
[TimeControl "180+1"]
[EndTime "10:58:30 PST"]
[Termination "nrvisakh won by resignation"]

1. e4 c5 2. a3 g6 3. h4 h5 4.
Nc3 Bg7 5. Bc4 Nc6 6. d3 e6 7. Bg5 Nge7 8. Nf3 O-O 9. Qd2 Nd4 10. Nxd4 cxd4 11. Ne2 d5 12. exd5 exd5 13. Bxd5 Qxd5 14.
Bxe7 Re8 15. Bg5 Qxg2 16. O-O-O Qxf2 17. Rde1 Bg4 18. Rhf1 Qg2 19. Rg1 Qd5 20. Nf4 Qa2 21. Qb4 f6 22. Nxg6 fxg5 23. Ne7+ Rxe7 24. Qxe7 Rf8 25.
Rg2 Qa1+ 26. Kd2 Qxb2 27. hxg5 Qc3+ 28. Kc1 b5 29. Rxg4 Qa1+ 30. Kd2 Rf2+ 31. Re2 Qc3+ 32. Kd1 Rf1+ 33. Re1 Rxe1+ 34. Qxe1 Qxe1+ 35. Kxe1 hxg4 36. Kf2 Be5 0-1

[Event "*** Titled Tuesday Blitz"]
[Site "Chess.com"]
[Date "2021.02.02"]
[Round "5"]
[White "PattyCastillo"]
[Black "Nikolaj_6"]
[Result "0-1"]
[WhiteElo "2043"]
[BlackElo "2593"]
[TimeControl "180+1"]
[EndTime "10:58:30 PST"]
[Termination "Nikolaj_6 won by resignation"]

1. d4 Nf6 2. Nf3 g6 3. Nc3 d5 4. e3 Bg7 5. Be2 c5 6. O-O Nc6 7. Ne5 O-O 8. f4 cxd4 9. exd4 Qb6 10. Nxc6 bxc6 11. Na4 Qa5 12. Nc5 Nd7 13. Nxd7 Bxd7 14. c3 c5 15. dxc5 Qxc5+ 16. Kh1 a5 17. Bg4 Bxg4 18.
Qxg4 e6 19. h4 a4 20. a3 Rab8 21. h5 Qc4 22. Re1 Rfc8 23. hxg6 hxg6 24. Kh2 Bf6 25. Qe2 Qb3 26. Rf1 Kg7 27. Rf2 Rh8+ 28. Kg1 Rh7 29. g3 Rbh8 30. Rg2 Rh1+ 31. Kf2 Rd1 32. g4 Rhh1 33. g5 Bd8 34. Kg3 Bc7 35. Rh2 Rxc1 36.
Rxc1 Rxc1 37. Qg2 Qd1 38. Qh3 Qg1+ 39. Rg2 Qe1+ 40. Rf2 Bxf4+ 41. Kf3 Qe3+ 42. Kg2 Rg1+ 43. Kxg1 Qxh3 44. Rxf4 Qg3+ 0-1

[Event "*** Titled Tuesday Blitz"]
[Site "Chess.com"]
[Date "2021.02.02"]
[Round "5"]
[White "Misticpikachu"]
[Black "DenishevM"]
[Result "0-1"]
[WhiteElo "2396"]
[BlackElo "2561"]
[TimeControl "180+1"]
[EndTime "10:58:31 PST"]
[Termination "DenishevM won by checkmate"]

1. c4 Nf6 2. Nc3 g6 3. e4 d6 4. d4 Bg7 5. h3 O-O 6. Be3 e5 7. d5 a5 8. g4 Na6 9. Nge2 Nd7 10. Ng3 Ndc5 11. Qd2 f5 12. gxf5 gxf5 13. Nxf5 Bxf5 14. exf5 Rxf5 15. O-O-O Qh4 16. Rg1 Kh8 17. Rg4 Qf6 18. Bd3 Nxd3+ 19. Qxd3 Nb4 20. Qb1 e4 21. Nxe4 Qe7 22.
Rxg7 Kxg7 23. Rg1+ Kf8 24. Bh6+ Ke8 25. Nxd6+ Qxd6 26. Rg8+ Ke7 27. Rxa8 Qxh6+ 28. Kd1 Qh5+ 29. Ke1 Re5+ 30.
Kf1 Qxh3+ 31. Kg1 Rg5# 0-1

[Event "*** Titled Tuesday Blitz"]
[Site "Chess.com"]
[Date "2021.02.02"]
[Round "5"]
[White "GumisGLHF"]
[Black "beto-betun"]
[Result "1-0"]
[WhiteElo "2352"]
[BlackElo "2188"]
[TimeControl "180+1"]
[EndTime "10:58:31 PST"]
[Termination "GumisGLHF won on time"]

1. c4 Nf6 2. Nf3 c5 3. b3 Nc6 4. Bb2 g6 5. Nc3 Bg7 6. g3 O-O 7. Bg2 d6 8. O-O e5 9. d3 h6 10.
Ne1 a6 11. Nc2 Rb8 12. Ne3 Nd4 13. Rc1 b5 14. Ncd5 Nxd5 15. Nxd5 Be6 16. e3 Nf5 17.
Qf3 Ne7 18. Nf6+ Kh8 19. cxb5 axb5 20. d4 exd4 21. exd4 Nf5 22. d5 Bxf6 23. Bxf6+ Qxf6 24. dxe6 fxe6 25. h4 Nd4 26. Qe3 Kg7 27. Rfe1 e5 28.
Qd2 Rbd8 29. Bd5 b4 30. Kg2 Nf3 31. Qe3 Nd4 32. Rcd1 Rd7 33. Rd2 Re7 34. f4 1-0

[Event "*** Titled Tuesday Blitz"]
[Site "Chess.com"]
[Date "2021.02.02"]
[Round "5"]
[White "TST2014"]
[Black "MrrRefrao"]
[Result "1-0"]
[WhiteElo "2550"]
[BlackElo "2392"]
[TimeControl "180+1"]
[EndTime "10:58:32 PST"]
[Termination "TST2014 won on time"]

1. d4 Nf6 2. c4 g6 3. Nc3 d5 4.
Nf3 Bg7 5. Bg5 Ne4 6. Bh4 Nxc3 7. bxc3 O-O 8. cxd5 Qxd5 9. Bxe7 Re8 10. Ba3 Qc4 11.
Qb3 Qc6 12. e3 Be6 13. Bb5 Qb6 14. Bc4 Nc6 15. Bxe6 fxe6 16. O-O Na5 17. Qa4 c6 18. Rab1 Qc7 19. Qb4 b5 20. Qd6 Qc8 21. Qf4 Nc4 22. Bc5 e5 23. Qh4 e4 24. Ng5 h6 25. Nxe4 g5 26. Nxg5 hxg5 27. Qxg5 Qd7 28. Rbd1 Qf7 29. h4 Re6 30. Rfe1 Rg6 31. Qf4 Rf6 32. Qg3 Kh7 33. e4 Rg8 34. e5 Rg6 35. Qd3 Kh8 36. g3 Bh6 37. Re4 Qe6 38. Rde1 Qf5 39. Qe2 1-0

[Event "*** Titled Tuesday Blitz"]
[Site "Chess.com"]
[Date "2021.02.02"]
[Round "5"]
[White "ZEN-22"]
[Black "CalinGheorghiu"]
[Result "0-1"]
[WhiteElo "2464"]
[BlackElo "2266"]
[TimeControl "180+1"]
[EndTime "10:58:33 PST"]
[Termination "CalinGheorghiu won by checkmate"]

1. f4 e5 2. fxe5 d6 3. exd6 Bxd6 4. Nf3 g5 5. d4 g4 6. Ne5 Nc6 7.
Bf4 Qf6 8. Qd2 Nge7 9. Nc3 Nxe5 10. Ne4 Nf3+ 11. gxf3 Qxf4 12. e3 Qxf3 13. Bg2 Qf5 14. Rf1 Qb5 15. O-O-O Be6 16. d5 Be5 17. c3 Nxd5 18.
Ng5 O-O-O 19. Nxe6 fxe6 20. Qe1 Qa4 21. Kb1 Bxh2 22.
Bxd5 exd5 23. Qh4 Qe4+ 24. Ka1 Be5 25. Rf7 Qxe3 26. Qxg4+ Kb8 27. Qe6 Rhe8 28. Rd7 Bf6 29. Qxd5 Rxd7 30. Qxd7 a6 31. a3 Rd8 32. Qxd8+ Bxd8 33. Rxd8+ Ka7 34. Rd7 Qe1+ 35. Ka2 Qe6+ 36. Rd5 Qxd5+ 37.
c4 Qxc4+ 38. Kb1 Qd3+ 39. Ka2 h5 40. a4 h4 41. b4 h3 42. b5 h2 43. a5 axb5 44. a6 h1=Q 45. axb7 Qhb1# 0-1

[Event "*** Titled Tuesday Blitz"]
[Site "Chess.com"]
[Date "2021.02.02"]
[Round "5"]
[White "Das_Virus_2020"]
[Black "Pantata007"]
[Result "1-0"]
[WhiteElo "2423"]
[BlackElo "2244"]
[TimeControl "180+1"]
[EndTime "10:58:33 PST"]
[Termination "Das_Virus_2020 won on time"]

1. e4 e5 2. Nc3 Nf6 3. g3 d5 4. exd5 Nxd5 5. Bg2 Nxc3 6. bxc3 Nc6 7. Qh5 Bd6 8. Rb1 O-O 9. d3 Qe7 10. Ne2 Qe6 11. O-O Qxa2 12. Rb2 Qe6 13. Be3 Ne7 14. Bxb7 Bxb7 15. Rxb7 a5 16. c4 Nf5 17. Qf3 Nxe3 18.
fxe3 c5 19. Nc3 a4 20. Rb6 Qd7 21. Qd5 Rad8 22. Ne4 Be7 23. Qxd7 Rxd7 24. Ra6 f5 25. Nc3 Bg5 26. Nd5 Rxd5 27. cxd5 Bxe3+ 28. Kg2 f4 29.
Rxa4 g5 30. h3 h5 31. Re4 g4 32. Rxe5 f3+ 33. Kh2 Bd4 34. Rxh5 1-0

[Event "*** Titled Tuesday Blitz"]
[Site "Chess.com"]
[Date "2021.02.02"]
[Round "5"]
[White "SergeyShtyka"]
[Black "hermionegrangermagic"]
[Result "1-0"]
[WhiteElo "2483"]
[BlackElo "2632"]
[TimeControl "180+1"]
[EndTime "10:58:35 PST"]
[Termination "SergeyShtyka won by checkmate"]

1. e4 c5 2. Nf3 Nc6 3. d4 cxd4 4. Nxd4 e5 5. Nb5 d6 6. N1c3 a6 7. Na3 b5 8. Nd5 Nge7 9. c4 Nxd5 10. cxd5 Nd4 11. Nc2 Nxc2+ 12. Qxc2 Be7 13. Bd3 O-O 14. O-O Bd7 15. Be3 Bg5 16. Qd2 Bxe3 17. Qxe3 Qa5 18. a3 Rfc8 19. h4 Qd8 20. g3 Rc5 21. Rac1 Rac8 22. Rxc5 Rxc5 23. Rc1 Qc7 24. Rxc5 dxc5 25. Kh2 f6 26. Bf1 Qd6 27. Bh3 Bxh3 28. Kxh3 g6 29. Qc3 Qb6 30. Qf3 h5 31. Qe3 Kg7 32. Kg2 Qd6 33. Qc3 Kf7 34. Qa5 f5 35. f3 f4 36.
Qd2 fxg3 37. Qh6 c4 38. Qh7+ Kf8 39. Qh8+ Kf7 40. Qc8 Qb6 41. Qd7+ Kf6 42. Kh3 Qf2 43. Qe6+ Kg7 44. Qxe5+ Kh6 45. Qh8# 1-0

[Event "*** Titled Tuesday Blitz"]
[Site "Chess.com"]
[Date "2021.02.02"]
[Round "5"]
[White "louis198"]
[Black "utsavp"]
[Result "1-0"]
[WhiteElo "2580"]
[BlackElo "2292"]
[TimeControl "180+1"]
[EndTime "10:58:35 PST"]
[Termination "louis198 won by resignation"]

1. d4 Nf6 2. c4 g6 3. Nc3 d5 4. e3 Bg7 5. Nf3 O-O 6. cxd5 Nxd5 7. Bc4 Nxc3 8. bxc3 c5 9. O-O cxd4 10. cxd4 b6 11. a4 Bb7 12. Ba3 Nd7 13. Qe2 Rc8 14. Rfc1 Re8 15.
Bxf7+ Kxf7 16. Ng5+ Kg8 17. Qa2+ e6 18. Nxe6 Rxe6 19. Qxe6+ Kh8 20. Rxc8 Bxc8 21. Qe7 Qxe7 22. Bxe7 Kg8 23. Rc1 Kf7 24. Ba3 Ba6 25. Rc7 Ke8 26.
Rxa7 Bc4 27. f3 Bh6 28. Kf2 Kd8 29. Bd6 Ke8 30. Rc7 Bb3 31. Ra7 Bg5 32. a5 bxa5 33. Rxa5 Bf6 34. g4 Bc4 35. g5 Bxg5 36. Rxg5 1-0

[Event "*** Titled Tuesday Blitz"]
[Site "Chess.com"]
[Date "2021.02.02"]
[Round "5"]
[White "Ziyamammadov"]
[Black "rududuyk"]
[Result "0-1"]
[WhiteElo "1736"]
[BlackElo "2142"]
[TimeControl "180+1"]
[EndTime "10:58:36 PST"]
[Termination "rududuyk won by resignation"]

1. e4 e6 2. d4 d5 3. exd5 exd5 4. c4 Nf6 5. Nc3 Bb4 6. Nf3 O-O 7. Bd2 Re8+ 8. Be2 dxc4 9. O-O Be6 10. a3 Bd6 11. Rc1 c6 12. Bg5 Nbd7 13. Ne4 Be7 14.
Bxf6 Nxf6 15. Nxf6+ Bxf6 16. Bxc4 Bg4 17. Be2 Bxf3 18. Bxf3 Qxd4 19. Qxd4 Bxd4 20. Rc2 Re7 21. Rd1 Bb6 22. Rcd2 Rae8 23. h3 h6 24. g3 Kf8 25.
Kg2 Re1 26. Rxe1 Rxe1 27. Rd7 Re7 28. Rd3 Ke8 29. Bd1 Re1 30. Bb3 Re2 31. Rf3 f6 32. Bc4 Rxb2 33. Rf4 Kf8 34. h4 Bc5 35. a4 b5 36.
axb5 cxb5 37. Bd5 b4 38. Kf1 a5 39. Be4 Bd6 40. Rf3 Be5 41. Bg6 Ke7 42. Rd3 a4 43. Bf5 a3 44. Rd7+ Ke8 45. Rxg7 a2 46. Ra7 Rb1+ 47.
Kg2 a1=Q 48. Bg6+ 0-1

[Event "*** Titled Tuesday Blitz"]
[Site "Chess.com"]
[Date "2021.02.02"]
[Round "5"]
[White "politeplayer"]
[Black "oogee"]
[Result "0-1"]
[WhiteElo "2200"]
[BlackElo "2354"]
[TimeControl "180+1"]
[EndTime "10:58:37 PST"]
[Termination "oogee won by resignation"]

1. e4 c5 2. c3 d5 3. exd5 Qxd5 4. d4 g6 5. Nf3 Bg7 6. dxc5 Qxc5 7. Be3 Qc7 8. Na3 Bxc3+ 9. bxc3 Qxc3+ 10. Nd2 Qxa3 11. Bd4 Nf6 12. Bb5+ Nc6 13. Bxc6+ bxc6 14. O-O O-O 15. Bxf6 exf6 16. Ne4 Qe7 17. Qd4 Kg7 18. Rfe1 Qe5 19. Qd2 Bf5 20. Ng3 Qd5 21. Qxd5 cxd5 22.
Nxf5+ gxf5 23. Rad1 Rfd8 24. Re3 d4 25. Rg3+ Kf8 26.
Rgd3 Rac8 27. g3 Rc4 28. Kg2 Ke7 29. Kf3 Ke6 30. Kf4 Rd5 31. Rb1 Ra4 32. a3 Rda5 33. Rbb3 Kd6 34. h4 Re5 35. h5 Kd5 36. Rb5+ Kc4 37. Rdb3 d3 38. Rxe5 fxe5+ 0-1

[Event "*** Titled Tuesday Blitz"]
[Site "Chess.com"]
[Date "2021.02.02"]
[Round "5"]
[White "kai_nov"]
[Black "TheCairnTerrier"]
[Result "1-0"]
[WhiteElo "2393"]
[BlackElo "2093"]
[TimeControl "180+1"]
[EndTime "10:58:37 PST"]
[Termination "kai_nov won by resignation"]

1. d4 Nf6 2. c4 g6 3. f3 Bg7 4. e4 d6 5. Nc3 c5 6. d5 O-O 7.
Bg5 a6 8. a4 a5 9. Bd3 Na6 10.
Rc1 Nb4 11. Bb1 h6 12. Be3 e6 13. Qd2 exd5 14. cxd5 Kh7 15. Nge2 Bd7 16. O-O Qe7 17. Ng3 Rae8 18. h3 b6 19. Rce1 Bc8 20. Bd3 Nxd3 21.
Qxd3 Nd7 22. f4 Nb8 23. b3 Na6 24. Nb5 Nb4 25. Qc4 f5 26. exf5 Bxf5 27. Nxf5 Rxf5 28. Bd2 Qd7 29. Rxe8 Qxe8 30. Nxd6 Bd4+ 31. Kh1 Qd7 32.
Nxf5 Qxf5 33. Bxb4 axb4 34. d6 h5 35. Re1 Qxf4 36. Qe6 Bg7 37. d7 Qd4 38. Qe7 1-0